 Dungeon Crawl Stone Soup version 0.31.0-32-g396128a36d (webtiles) character file.

Game seed: 10264723868661325880

81678 James the Peltast (level 15, -2/96 HPs)
             Began as a Gargoyle Earth Elementalist on Apr 7, 2024.
             Was a High Priest of Vehumet.
             Slain by a deep troll (5 damage)
             ... on level 1 of the Orcish Mines on Apr 15, 2024.
             The game lasted 02:09:32 (29522 turns).

James the Peltast (Gargoyle Earth Elementalist)    Turns: 29522, Time: 02:09:32

Health: -2/96      AC: 25    Str: 13    XL:     15   Next: 71%
Magic:  5/37       EV: 12    Int: 22    God:    Vehumet [*****.]
Gold:   1622       SH: 20    Dex: 12    Spells: 1/32 levels left

rFire   . . .        b - staff of earth
rCold   . . .        o - +2 kite shield
rNeg    + + .        K - +2 robe {rN+}
rPois   ∞            f - +0 helmet of a Million People {Dex+2}
rElec   +            X - +1 cloak
rCorr   .            I - +2 pair of gloves
SInv    .            s - +1 pair of boots
Will    ++...        G - amulet of reflection
Stlth   ++           n - ring of magical power
HPRegen 0.36/turn    D - ring of willpower
MPRegen 0.25/turn

%: reflection
@: flying
A: sickness immunity, AC +11, big wings, negative energy resistance 1,
electricity resistance, torment resistance 1, petrification resistance
a: Renounce Religion


You were on level 1 of the Orcish Mines.
You worshipped Vehumet.
Vehumet was extremely pleased with you.
You visited 4 branches of the dungeon, and saw 20 of its levels.
You also visited: Bailey and Gauntlet.

You collected 1774 gold pieces.
You spent 152 gold pieces at shops.

Inventory:

Hand Weapons
 a - a +1 dagger of electrocution
   (You took it off a goblin on level 1 of the Dungeon)
 F - a +3 scimitar of flaming
   (You took it off Erica on level 11 of the Dungeon)
Missiles
 u - 3 throwing nets {!f}
 J - 9 silver javelins
 R - 24 boomerangs
 S - 3 curare-tipped darts {!f}
Armour
 f - the +0 helmet of a Million People (worn) {Dex+2}
   (You found it in a Gauntlet)

   Dex+2:     It affects your dexterity (+2).
 h - a +0 troll leather armour
   (You found it on level 12 of the Dungeon)
 o - a +2 kite shield (worn)
   (You took it off an orc warrior on level 6 of the Dungeon)
 s - a +1 pair of boots (worn)
   (You found it on level 2 of the Dungeon)
 I - a +2 pair of gloves (worn)
   (You found it on level 3 of the Dungeon)
 K - a +2 robe of positive energy (worn)
   (You took it off Sigmund on level 4 of the Dungeon)
 X - a +1 cloak (worn)
   (You took it off Crazy Yiuf on level 7 of the Dungeon)
Magical Staves
 b - a staff of earth (weapon)
   (You found it on level 2 of the Dungeon)
Jewellery
 i - a ring of protection from fire
   (You found it in a Gauntlet)
 n - a ring of magical power (left hand)
   (You found it on level 1 of the Dungeon)
 z - a ring of see invisible
   (You found it on level 4 of the Dungeon)
 D - a ring of willpower (right hand)
   (You found it on level 9 of the Dungeon)
 G - an amulet of reflection (around neck)
   (You found it on level 5 of the Dungeon)
 H - a ring of ice
   (You took it off Erica on level 11 of the Dungeon)
Wands
 v - a wand of digging (6)
   (You found it on level 11 of the Dungeon)
 x - a wand of acid (5)
   (You found it on level 12 of the Dungeon)
 O - a wand of roots (12)
   (You found it on level 6 of the Dungeon)
 Y - a wand of charming (18)
   (You took it off an orc wizard on level 10 of the Dungeon)
Scrolls
 g - a scroll of enchant armour
 j - 3 scrolls of fear
 l - a scroll of acquirement {unknown}
 m - 2 scrolls of fog
 q - 2 scrolls of immolation {unknown}
 t - 2 scrolls of revelation
 A - 4 scrolls of blinking
 E - 7 scrolls of teleportation {@r4}
 V - 2 scrolls of brand weapon {unknown}
 W - 3 scrolls of noise {unknown}
 Z - 2 scrolls of enchant weapon {unknown}
Potions
 c - 2 potions of cancellation
 d - 4 potions of curing {@q1}
 e - 4 potions of mutation {!q}
 k - 5 potions of might
 p - 3 potions of enlightenment
 r - 6 potions of resistance
 w - 2 potions of lignification {!q}
 y - a potion of berserk rage {unknown}
 B - 6 potions of haste {@q3}
 N - 2 potions of brilliance
 P - 8 potions of ambrosia
 Q - 5 potions of heal wounds {@q2}
 T - 5 potions of invisibility
 U - a potion of attraction {unknown}
Miscellaneous
 C - a box of beasts
   (You found it in a bailey)
 L - a condenser vane
   (You found it in a Gauntlet)
 M - a phantom mirror
   (You found it in a Gauntlet)


   Skills:
 - Level 12.0 Fighting
 + Level 7.0 Armour
 + Level 4.0 Dodging
 - Level 3.0 Stealth
 - Level 15.0 Shields
 - Level 9.0 Spellcasting
 - Level 11.0 Conjurations
 - Level 7.0 Necromancy
 - Level 4.0 Translocations
 - Level 14.0 Earth Magic


You had one spell level left.
You knew the following spells:

 Your Spells              Type           Power      Damage    Failure   Level
a - Sandblast             Erth           100%       2d20      1%          1
b - Brom's Barrelling Bo  Conj/Erth      77%        2d9       1%          4
c - Iskenderun's Mystic   Conj/Tloc      42%        2d10      1%          4
d - Bombard               Conj/Erth      38%        9d7       3%          6
e - Lee's Rapid Deconstr  Erth           41%        3d20*     1%          5
f - Borgnjor's Vile Clut  Necr/Erth      35%        N/A       4%          5
q - Passwall              Erth           82%        N/A       1%          3
x - Stone Arrow           Conj/Erth      100%       3d13      1%          3

Your spell library contained the following spells:

 Spells                   Type           Power      Damage    Failure   Level
 Slow                     Hex            36%        N/A       12%         1
 Summon Small Mammal      Summ           36%        N/A       12%         1
 Vampiric Draining        Necr           40%        2d8       1%          3
 Fulminant Prism          Conj/Alch      17%        3d10      3%          4
 Volatile Blastmotes      Fire/Tloc      36%        2d13      4%          3
 Animate Dead             Necr           40%        N/A       7%          4
 Leda's Liquefaction      Alch/Erth      28%        N/A       7%          4
 Petrify                  Alch/Erth      57%        N/A       7%          4
 Frozen Ramparts          Ice            18%        1d3       11%         3
 Passage of Golubria      Tloc           27%        N/A       24%         4
 Call Canine Familiar     Summ           9%         N/A       36%         3
 Confusing Touch          Hex            9%         N/A       36%         3
 Sigil of Binding         Hex            9%         N/A       36%         3
 Tukima's Dance           Hex            9%         N/A       36%         3
 Yara's Violent Unravell  Hex/Alch       4%         3d4       61%         5
 Death Channel            Necr           20%        N/A       71%         6
 Summon Blazeheart Golem  Fire/Summ      9%         N/A       77%         4
 Metabolic Englaciation   Hex/Ice        4%         N/A       98%         5


Dungeon Overview and Level Annotations

Branches:
Dungeon (12/15)            Temple (1/1) D:6            Lair (5/5) D:8
  Swamp (0/4) Lair:2       Spider (0/4) Lair:3        Slime (0/5) Lair:4
    Orc (2/2) D:10            Elf (0/3) Orc:2        Bailey (visited)
Gauntlet (visited)

Altars:
Ashenzari
Cheibriados
Dithmenos
Elyvilon
Fedhas
Gozag
Hepliaklqana
Kikubaaqudgha
Makhleb
Nemelex Xobeh
Okawaru
Qazlal
Ru
Sif Muna
Trog
Uskayaw
Vehumet
Wu Jian
Xom
Yredelemnul
Zin
The Shining One
Jiyva

Shops:
D:1 [   D:9 ?   D:10 (   D:11 (

Portals:
Hell: Lair:5

Annotations:
D:9 1 runed translucent door, Hottabushka's ghost, journeyman MiBe


Innate Abilities, Weirdness & Mutations

You are immune to sickness and miasma.
Your stone body is resilient. (AC +11)
You are immune to poison.
Your large and strong wings let you fly.
You resist negative energy. (rN+)
You are resistant to electric shocks. (rElec)
You are resistant to unholy torment.
You are immune to petrification.


Message History

The blast of sand hits the ettin but does no damage.
The ettin hits you with a +0 dire flail!
The ettin hits you with a +0 dire flail of protection!
* * * LOW HITPOINT WARNING * * *
You block the ettin's attack. x2
Press: ? - help, Shift-Dir - straight line, f/p - ettin
Aim: an ettin, wielding a +0 dire flail and a +0 dire flail of protection (almost dead, 97% to hit)
You feel a surge of power!
The blast of sand hits the ettin but does no damage.
You block the ettin's attack. x2; The deep troll misses you.
The deep troll claws you but does no damage.
You block the deep troll's attack.
Unknown command.
You block the ettin's attack. x2; You block the deep troll's attack.
The deep troll claws you but does no damage.
The deep troll barely misses you. The ettin attacks as it pursues you!
The ettin hits you with a +0 dire flail!
* * * LOW HITPOINT WARNING * * *
The ettin hits you with a +0 dire flail of protection.
* * * LOW HITPOINT WARNING * * *
The deep troll bites you.
* * * LOW HITPOINT WARNING * * *
You block the deep troll's attack.
The deep troll claws you but does no damage.
Things that are here:
a +0 troll leather armour; a troll skeleton You block the deep troll's attack. x3
There is a stone staircase leading down here.
The deep troll bites you!
* * * LOW HITPOINT WARNING * * *
The deep troll completely misses you. You block the deep troll's attack.
Things that are here:
a +0 robe; a +0 dagger The deep troll attacks as it pursues you!
You block the deep troll's attack. x2
The deep troll claws you but does no damage.
The deep troll attacks as it pursues you!
You block the deep troll's attack. x3
The deep troll attacks as it pursues you!
The deep troll closely misses you. You block the deep troll's attack.
The deep troll barely misses you.
The deep troll attacks as it pursues you!
The deep troll bites you!
* * * LOW HITPOINT WARNING * * *
The deep troll claws you but does no damage.
You block the deep troll's attack.
The deep troll attacks as it pursues you!
The deep troll bites you.
You die...

................#
................####
.[..).[........###.##
.)..<>..[.......#...#
...)[........#.##..##
.[....[............#
...[...............##
....[..[........T...#
.[.............C@..##
................#.##
............#..####
..........##....#.##
..........###......#
.........## ###.#.##
#........## #####
##..##....#
##.####.##


You could see an ettin and a deep troll.

Vanquished Creatures
  Rupert (Lair:4)
  An orc warlord (Bailey)
  A minotaur (Gauntlet)
  A dire elephant (Lair:5)
  Snorg (Lair:5)
  4 hydras (Lair:5)
  3 catoblepae
  6 two-headed ogres
  5 death yaks
  Erica (D:11)
  An occultist (Lair:5)
  An orc high priest (Orc:2)
  2 skysharks
  Urug (Orc:1)
  Amaemon (Lair:1)
  A sun demon (Lair:4)
  A swamp dragon (Lair:1)
  A death drake (Gauntlet)
  An orc knight (D:10)
  2 manticores
  2 cyclopes
  An ugly thing (D:12)
  A moth of wrath (Gauntlet)
  2 spectral centaurs (Gauntlet)
  7 elephants
  6 black mambas
  A centaur zombie (Gauntlet)
  6 orange demons
  A smoke demon (Lair:5)
  Jeremiah (D:7)
  10 cane toads
  10 komodo dragons
  2 kobold demonologists (D:9)
  An ice devil (Lair:5)
  5 rime drakes
  An unseen horror (D:12)
  2 polar bears (Lair:3)
  A queen bee (Lair:1)
  5 trolls
  3 hornets
  17 blink frogs
  A meliai zombie (Gauntlet)
  Sigmund (D:4)
  A human (D:10)
  A death yak simulacrum (Lair:4)
  65 yaks
  12 basilisks
  3 wargs (D:10)
  3 redbacks (Gauntlet)
  Menkaure (D:7)
  An acid dragon (D:10)
  24 water moccasins
  3 hell hounds (Lair:5)
  An ice beast (D:7)
  19 orc warriors
  4 sky beasts
  3 black bears
  3 centaurs
  29 wolves
  10 ogres
  A phantom (D:4)
  A kobold brigand (D:9)
  9 bullfrogs
  2 scorpions
  2 gnoll sergeants (D:11)
  A water moccasin zombie (D:5)
  3 necrophages (D:5)
  2 cane toad simulacra (Lair:4)
  4 wights (D:8)
  19 killer bees (Lair:1)
  7 howler monkeys
  An electric eel (Lair:1)
  2 bombardier beetles
  A bullfrog zombie (D:5)
  3 jellies (Lair:4)
  Crazy Yiuf (D:7)
  A gnoll bouda (D:5)
  17 orc priests
  3 hounds
  3 iguanas
  3 sleepcaps
  26 orc wizards
  9 hell rats
  A polar bear simulacrum (Lair:4)
  A killer bee zombie (D:5)
  A human simulacrum (D:10)
  6 adders
  18 gnolls
  3 shadow imps (D:6)
  2 white imps (D:7)
  An adder zombie (D:5)
  4 dart slugs
  2 ribbon worms
  56 orcs
  10 endoplasms
  A giant cockroach (D:2)
  13 goblins
  8 hobgoblins
  8 quokkas
  9 ball pythons
  6 bats
  3 frilled lizards (D:2)
  14 kobolds
  17 rats
611 creatures vanquished.

Vanquished Creatures (collateral kills)
  A gnoll (D:11)
  5 boulders
6 creatures vanquished.

Vanquished Creatures (others)
  Sonja (Lair:3)
  An orc wizard (Orc:2)
  A human simulacrum (D:10)
  7 boulders
10 creatures vanquished.

Grand Total: 627 creatures vanquished

Notes
Turn   | Place    | Note
-------+----------+-------------------------------------------
     0 | D:1      | James the Gargoyle Earth Elementalist began the quest for
                  | the Orb.
     0 | D:1      | Reached XP level 1. HP: 10/10 MP: 3/3
   120 | D:1      | Reached XP level 2. HP: 5/15 MP: 0/5
   689 | D:1      | Found Tyewku's Armour Shoppe.
   951 | D:2      | Reached skill level 5 in Earth Magic
   951 | D:2      | Reached XP level 3. HP: 20/20 MP: 6/6
   954 | D:2      | Reached skill level 1 in Fighting
  1196 | D:2      | Learned a level 3 spell: Stone Arrow
  1273 | D:2      | Reached XP level 4. HP: 26/26 MP: 7/7
  1276 | D:2      | Reached skill level 1 in Armour
  1774 | D:3      | Found a faded altar of an unknown god.
  1789 | D:3      | Reached XP level 5. HP: 30/30 MP: 8/8
  2059 | D:3      | Found a sparkling altar of Nemelex Xobeh.
  2221 | D:4      | Noticed a sky beast
  2223 | D:4      | Killed a sky beast
  2224 | D:4      | Reached XP level 6. HP: 35/35 MP: 10/10
  2254 | D:4      | Noticed Sigmund
  2261 | D:4      | Killed Sigmund
  2356 | D:4      | Learned a level 3 spell: Passwall
  2462 | D:4      | Reached XP level 7. HP: 41/41 MP: 11/11
  2952 | D:4      | Reached skill level 5 in Conjurations
  3243 | D:5      | Entered Level 5 of the Dungeon
  3671 | D:5      | Found a blossoming altar of Fedhas.
  3761 | D:5      | Reached XP level 8. HP: 46/46 MP: 13/13
  4565 | D:5      | Reached skill level 5 in Fighting
  5020 | D:6      | Reached XP level 9. HP: 50/55 MP: 8/15
  5332 | D:6      | Found a staircase to the Ecumenical Temple.
  5342 | Temple   | Entered the Ecumenical Temple
  5353 | Temple   | Became a worshipper of Vehumet
  5651 | D:6      | Learned a level 4 spell: Brom's Barrelling Boulder
  5680 | D:7      | Noticed Menkaure
  5720 | D:7      | Found a flagged portal.
  5739 | Bailey   | Entered a bailey
  5764 | Bailey   | Reached skill level 5 in Spellcasting
  5764 | Bailey   | Reached skill level 1 in Shields
  5990 | Bailey   | Noticed an orc warlord
  6031 | Bailey   | Reached skill level 2 in Shields
  6047 | Bailey   | Reached skill level 3 in Shields
  6104 | Bailey   | Reached skill level 4 in Shields
  6164 | Bailey   | Found a runed translucent gate.
  6166 | Bailey   | Found a runed translucent gate.
  6167 | Bailey   | Found a runed translucent gate.
  6181 | Bailey   | Reached * piety under Vehumet
  6181 | Bailey   | Offered knowledge of Freeze by Vehumet.
  6371 | Bailey   | Killed an orc warlord
  6372 | Bailey   | Reached skill level 7 in Shields
  6372 | Bailey   | Reached XP level 10. HP: 60/60 MP: 6/17
  6827 | D:7      | Found a runed translucent door.
  6828 | D:7      | Noticed Crazy Yiuf
  7052 | D:7      | Reached skill level 8 in Shields
  7271 | D:7      | Killed Menkaure
  7528 | D:7      | Noticed Jeremiah
  7560 | D:6      | Reached skill level 9 in Shields
  7560 | D:6      | Reached skill level 10 in Earth Magic
  7560 | D:6      | Reached XP level 11. HP: 64/64 MP: 21/21
  7612 | D:7      | Killed Jeremiah
  7874 | D:7      | Killed Crazy Yiuf
  7983 | D:8      | You fall into a shaft and drop 2 floors!
  7983 | D:10     | Entered Level 10 of the Dungeon
  8009 | D:10     | Noticed a two-headed ogre
  8019 | D:10     | Killed a two-headed ogre
  8020 | D:10     | Reached skill level 10 in Shields
  8024 | D:10     | Noticed a two-headed ogre
  8032 | D:10     | Killed a two-headed ogre
  8043 | D:10     | Offered knowledge of Static Discharge by Vehumet.
  8215 | D:10     | Found a staircase to the Orcish Mines.
  8246 | D:10     | Reached skill level 12 in Shields
  8246 | D:10     | Reached XP level 12. HP: 75/75 MP: 22/22
  8314 | D:10     | Reached ** piety under Vehumet
  8439 | D:10     | Found Zeradeve's Weapon Boutique.
  9125 | D:9      | Found a runed translucent door.
  9126 | D:9      | Noticed Hottabushka's ghost (journeyman MiBe)
  9155 | D:9      | Reached skill level 13 in Shields
  9231 | D:8      | Found a glowing silver altar of Zin.
  9234 | D:8      | Found a basalt altar of Yredelemnul.
  9314 | D:8      | Offered knowledge of Hailstorm by Vehumet.
  9598 | D:8      | Reached *** piety under Vehumet
  9603 | D:8      | Reached skill level 10 in Fighting
  9674 | D:8      | Found a staircase to the Lair.
 10345 | D:9      | Found Jifoekk's Magic Scroll Boutique.
 11028 | D:11     | Noticed Erica
 11031 | D:11     | Killed Erica
 11073 | D:9      | Bought a scroll of identify for 32 gold pieces
 11074 | D:9      | Bought a scroll of enchant armour for 120 gold pieces
 11330 | D:11     | Reached XP level 13. HP: 82/82 MP: 23/23
 11493 | D:11     | Offered knowledge of Iskenderun's Mystic Blast by Vehumet.
 11494 | D:11     | Reached skill level 14 in Shields
 11499 | D:11     | Learned a level 4 spell: Iskenderun's Mystic Blast
 11611 | D:11     | Reached skill level 1 in Translocations
 11645 | D:11     | Found Diaproem's Antique Weapon Shoppe.
 12262 | Lair:1   | Entered Level 1 of the Lair of Beasts
 12978 | Lair:1   | Reached **** piety under Vehumet
 13124 | Lair:1   | Offered knowledge of Flame Wave by Vehumet.
 13126 | Lair:1   | Reached skill level 15 in Shields
 13612 | Lair:1   | Noticed Amaemon
 13627 | Lair:1   | Killed Amaemon
 13906 | Lair:2   | Reached skill level 5 in Armour
 13953 | Lair:2   | Found a staircase to the Swamp.
 14078 | Lair:2   | Reached ***** piety under Vehumet
 14080 | Lair:2   | Offered knowledge of Spellforged Servitor by Vehumet.
 15060 | Lair:2   | You fall into a shaft and drop 2 floors!
 15068 | Lair:4   | Learned a level 5 spell: Borgnjor's Vile Clutch
 15076 | Lair:4   | Found a viscous altar of Jiyva.
 15087 | Lair:4   | Found a staircase to the Slime Pits.
 15172 | Lair:3   | Reached skill level 1 in Necromancy
 15244 | Lair:3   | Found a gate leading to a gauntlet.
 15247 | Lair:3   | Noticed Sonja
 15267 | Gauntlet | Entered a Gauntlet
 15267 | Gauntlet | Found a transporter.
 15336 | Gauntlet | Found a transporter.
 15349 | Gauntlet | Found a transporter.
 15352 | Gauntlet | Found a transporter.
 15370 | Gauntlet | Found a transporter.
 15383 | Gauntlet | Found a transporter.
 15396 | Gauntlet | Found a transporter.
 15414 | Gauntlet | Found a transporter.
 15426 | Gauntlet | Found a transporter.
 15445 | Gauntlet | Found a transporter.
 15456 | Gauntlet | Found a transporter.
 15456 | Gauntlet | Found a transporter.
 15522 | Gauntlet | Identified the +0 helmet of a Million People {Dex+2}
 15535 | Gauntlet | Gained mutation: Your large and strong wings let you fly.
                  | [Gargoyle growth]
 15535 | Gauntlet | Reached XP level 14. HP: 67/88 MP: 24/24
 16849 | Lair:2   | Reached skill level 5 in Necromancy
 17608 | Lair:2   | Found a staircase to the Swamp.
 18229 | Lair:3   | Found a hole to the Spider Nest.
 18721 | Lair:3   | Killed Sonja
 19423 | Lair:3   | Offered knowledge of Bombard by Vehumet.
 19431 | Lair:3   | Learned a level 6 spell: Bombard
 20062 | Lair:4   | Noticed Rupert
 20069 | Lair:4   | Killed Rupert
 20596 | Lair:4   | Reached skill level 10 in Conjurations
 22625 | Lair:4   | Found a staircase to the Slime Pits.
 22644 | Lair:4   | Found a viscous altar of Jiyva.
 22985 | Lair:5   | Entered Level 5 of the Lair of Beasts
 23106 | Lair:5   | Reached XP level 15. HP: 92/92 MP: 21/25
 24176 | Lair:5   | Noticed Snorg
 24189 | Lair:5   | Killed Snorg
 24731 | Lair:5   | Found a shimmering altar of Xom.
 25597 | Lair:5   | Found a burning altar of Makhleb.
 26070 | Lair:4   | Offered knowledge of Lee's Rapid Deconstruction by Vehumet.
 26077 | Lair:4   | Learned a level 5 spell: Lee's Rapid Deconstruction
 26378 | Lair:5   | Found a gateway to Hell.
 27925 | Orc:1    | Entered Level 1 of the Orcish Mines
 28412 | Orc:1    | Noticed Urug
 28760 | Orc:1    | Killed Urug
 29138 | Orc:2    | Entered Level 2 of the Orcish Mines
 29138 | Orc:2    | Found a staircase to the Elven Halls.
 29521 | Orc:1    | HP: 3/96 [deep troll (15)]
 29522 | Orc:1    | Slain by a deep troll

Illustrated notes

Levels and vault maps discovered:
D:1:      minmay_arrival_four_loops, layout_basic, serial_shops, shop,
          serial_corexii_hall, chequers_hall_statues_wall_a,
          corexii_hall_statues_i
D:2:      layout_rooms, minmay_misc_feat_rows, minmay_rat_gold_closets
D:3:      layout_rooms, nemelex_altar_shiori,
          shapermc_ecumenical_altar_mp_urbaneastern
D:4:      layout_basic, uniq_sigmund
D:5:      layout_basic, fedhas_altar_decomposition, minmay_door_square
D:6:      layout_rooms, temple_pool_b
D:7:      layout_loops_corners, enter_bailey_5, uniq_jeremiah, uniq_menkaure,
          uniq_crazy_yiuf_cottage
D:8:      layout_basic, mainiacjoe_overflow_catwalk_spiral,
          grunt_lair_entry_orc_guard_hut
D:9:      layout_basic, gammafunk_ghost_grave, nicolae_stop_n_shop_2
D:10:     layout_big_octagon, erik_orc_4, serial_shops, nicolae_lakefront_shop,
          minivault_19, bh_circular_ruins
D:11:     lemuel_ice_spiral_2, layout_basic, serial_shops,
          nicolae_lakefront_shop, uniq_erica
D:12:     layout_basic
Temple:   mainiacjoe_temple_coin_purse
Lair:1:   layout_hall_layers, special_room [special_room_bee],
          serial_bayou_pond_e, infiniplex_staircase_pool, grunt_megastairs_4,
          uniq_amaemon
Lair:2:   layout_long_grid, minmay_swamp_entry_reptiles, serial_bayou_shore_a
Lair:3:   layout_gridlike, spider_nest_entry_web_field, gauntlet_entry_generic,
          minivault_24, uniq_sonja
Lair:4:   layout_concentric_octagons, nicolae_slime_entry_field_trip,
          portal_ice_cave_entry_ice_simulacra, kennysheep_basilisk_garden,
          grunt_megastairs_2, uniq_rupert
Lair:5:   evil_forest, layout_cave_shapes, basic_altar, uniq_snorg
Orc:1:    layout_caves, uniq_urug
Orc:2:    st_orc_open, layout_caves, uniq_azrael

Skill      XL: |  1  2  3  4  5  6  7  8  9 10 11 12 13 14 15 |
---------------+----------------------------------------------+-----
Earth Magic    | 4 5 6 7 8 10 11 12 14 | 14.0
Fighting       | 2 3 6 8 10 12 | 12.0
Armour         | 2 3 7 |  7.0
Conjurations   | 2 4 5 6 7 9 11 | 11.0
Spellcasting   | 3 4 5 6 7 9 |  9.0
Stealth        | 3 |  3.0
Dodging        | 2 4 |  4.0
Shields        | 7 9 12 13 15 | 15.0
Translocations | 4 |  4.0
Necromancy     | 2 7 |  7.0

Action                     |  1- 3 |  4- 6 |  7- 9 | 10-12 | 13-15 || total
---------------------------+-------+-------+-------+-------+-------++-------
  Melee: Unarmed           |    21 |       |       |       |       ||    21
         Dagger            |    13 |     3 |       |       |    86 ||   102
         Staff             |       |     1 |     1 |     2 |    28 ||    32
   Cast: Sandblast         |    40 |    50 |    98 |    95 |   168 ||   451
         Stone Arrow       |       |     3 |    47 |    93 |   323 ||   466
         Brom's Barrelling |       |       |       |     2 |    15 ||    17
         Iskenderun's Myst |       |       |       |       |    46 ||    46
         Bombard           |       |       |       |       |   154 ||   154
         Borgnjor's Vile C |       |       |       |       |    98 ||    98
         Lee's Rapid Decon |       |       |       |       |     8 ||     8
  Evoke: Wand              |       |       |     2 |       |     1 ||     3
    Use: Scroll            |       |       |    11 |     6 |    14 ||    31
         Potion            |       |       |       |     3 |     2 ||     5
   Stab: Sleeping          |     1 |       |       |       |       ||     1
 Armour: Robe              |     8 |     1 |    29 |    36 |   509 ||   583
         Ring mail         |    12 |    13 |       |       |       ||    25
  Dodge: Dodged            |    26 |    14 |    16 |    11 |   272 ||   339
  Block: Other             |       |       |     7 |       |       ||     7
         Reflection        |       |       |     1 |     2 |    40 ||    43
         Kite shield       |       |       |       |    50 |   950 ||  1000
